 Dungeon Crawl Stone Soup version 0.22-a0-542-gce4f928 (webtiles) character file.

34 inc the Vexing (level 3, -1/14 HPs)
             Began as a Felid Enchanter on June 24, 2018.
             Slain by an adder skeleton (3 damage)
             ... on level 2 of the Dungeon.
             The game lasted 00:03:04 (1460 turns).

inc the Vexing (Felid Enchanter)                    Turns: 1460, Time: 00:03:05

Health: -1/14      AC:  1    Str:  4    XL:     3   Next: 14%
Magic:  7/7        EV: 18    Int: 17    God:
Gold:   45         SH:  0    Dex: 16    Spells: 3/6 levels left
                                        Lives:  0   Deaths: 0

rFire    . . .     SeeInvis +     - Unarmed
rCold    . . .     Gourm    .   (shield unavailable)
rNeg     . . .     Faith    .   (armour unavailable)
rPois    .         Spirit   .   (helmet unavailable)
rElec    .         Reflect  .   (cloak unavailable)
rCorr    .         Harm     .   (gloves unavailable)
MR       .....                  (boots unavailable)
Stlth    +++.......             (no amulet)
HPRegen  0.04/turn              (no ring)
MPRegen  0.10/turn              (no ring)

@: quick
A: very small, no armour, no weapons or thrown items, stealth, claws 1, fangs 3,
see invisible, carnivore, speed 1, shaggy fur 1, slow metabolism 1, sharp paws
a: no special abilities


You were on level 2 of the Dungeon.
You were not hungry.

You visited 1 branch of the dungeon, and saw 3 of its levels.

You collected 45 gold pieces.

Inventory:

Jewellery
 a - an uncursed amulet of magic regeneration {unknown}
Scrolls
 c - a scroll of remove curse {unknown}
 d - 2 scrolls of identify {unknown}
 e - a scroll of teleportation {unknown}
Comestibles
 b - 3 rations


   Skills:
 - Level 2.6 Dodging
 - Level 4.0 Stealth
 - Level 2.2 Unarmed Combat
 + Level 2.0 Spellcasting
 - Level 5.0 Hexes
 - Level 1.1 Ice Magic


You had 3 spell levels left.
You knew the following spells:

 Your Spells              Type           Power        Failure   Level  Hunger
a - Corona                Hex            ###....      2%          1    #......
b - Ensorcelled Hibernat  Hex/Ice        ##....       9%          2    ###....

Your spell library contained the following spells:

 Spells                   Type           Power        Failure   Level  Hunger
 Confuse                  Hex            ###.....     8%          3    ###....
 Tukima's Dance           Hex            ###.....     8%          3    ###....
 Dazzling Spray           Conj/Hex       ##....       21%         3    ###....


Dungeon Overview and Level Annotations

Branches:
Dungeon (3/15)

Altars:


Innate Abilities, Weirdness & Mutations

You cannot wear armour.
You are incapable of wielding weapons or throwing items.
Your paws allow you to move quietly. (Stealth)
You have sharp claws.
You have razor-sharp teeth.
You have supernaturally acute eyesight. (SInv)
You are carnivorous and can eat meat at any time.
You cover ground quickly.
You are covered in fur. (AC +1)
You have a slow metabolism.
Your sharp claws are effective at attacking unaware monsters.


Message History

The adder skeleton completely misses you.
The adder skeleton misses you.
You barely miss the adder skeleton.
The adder skeleton is severely damaged.
The adder skeleton barely misses you.
You scratch the adder skeleton.
The adder skeleton is severely damaged.
The adder skeleton completely misses you.
You barely miss the adder skeleton.
The adder skeleton is severely damaged.
The adder skeleton closely misses you.
You scratch the adder skeleton.
The adder skeleton is almost destroyed.
The adder skeleton bites you.
* * * LOW HITPOINT WARNING * * *
You scratch the adder skeleton.
You bite the adder skeleton, but do no damage.
The adder skeleton is almost destroyed.
The adder skeleton bites you.
You die...

...................
#........S.....$..
#.<.....#.......>.
#......(.#........
#.................
#.....####........
#.....# #........
#Z†...# #........
#@....# ##.......
####### ##......
#####


You could see an adder skeleton.

Vanquished Creatures
  An adder (D:2)
  An ooze (D:1)
  A ball python (D:1)
  2 giant cockroaches (D:3)
  3 goblins
  4 hobgoblins
  A jackal (D:1)
  2 bats
  2 frilled lizards
  3 rats
20 creatures vanquished.

Notes
Turn   | Place    | Note
-------+----------+-------------------------------------------
     0 | D:1      | inc the Felid Enchanter began the quest for the Orb.
     0 | D:1      | Reached XP level 1. HP: 7/7 MP: 4/4
   638 | D:3      | Reached XP level 2. HP: 11/11 MP: 6/6
   645 | D:3      | Learned a level 2 spell: Ensorcelled Hibernation
   909 | D:3      | Noticed an ice beast
  1392 | D:2      | Reached skill level 5 in Hexes
  1392 | D:2      | Reached skill level 1 in Ice Magic
  1392 | D:2      | Reached XP level 3. HP: 6/14 MP: 0/7
  1460 | D:2      | Slain by an adder skeleton

Vault maps used:
D:1:      dpeg_arrival_three_bigger_balls
D:2:      first_ration
D:3:      uniq_crazy_yiuf_cottage

Skill      XL: |  1  2 |
---------------+-------+-----
Unarmed Combat | 2 |  2.2
Hexes          | 5 |  5.0
Ice Magic      | 1 |  1.1
Dodging        | |  2.6
Stealth        | |  4.0
Spellcasting   | |  2.0

Action                   || total
-------------------------++-------
Melee: Unarmed           ||    48
       Bite              ||     1
 Cast: Corona            ||     1
       Ensorcelled Hiber ||    12
 Stab: Sleeping          ||    15
  Eat: Chunk             ||     1
Armor: Skin              ||     5
Dodge: Dodged            ||    42

Table legend:
 A = Spawn XP
 B = Non-spawn XP
 C = Spawn XP percentage of total XP
 D = Spawn monster count
 E = Non-spawn monster count
 F = Spawn count percentage of total count
 G = Total turns spent on level
                    A         B        C        D         E        F      G
               +---------+---------+-------+---------+---------+-------+---------
         Total |       0 |      49 |   0.0 |       0 |      20 |   0.0 |  1460
               +---------+---------+-------+---------+---------+-------+---------
           D:1 |       0 |      21 |   0.0 |       0 |      10 |   0.0 |   738
           D:2 |       0 |      17 |   0.0 |       0 |       4 |   0.0 |   177
           D:3 |       0 |      11 |   0.0 |       0 |       6 |   0.0 |   545
               +---------+---------+-------+---------+---------+-------+---------
